Map: Jagannatha LE

Players

TeebuL - Winner!

  • Race: Protoss Protoss
  • Spawn Location: 1:00

BlysK

  • Race: Protoss Protoss
  • League: Master
  • Spawn Location: 7:00

Event: DreamHack SC2 Masters 2020 Winter

VOD

Have the link to the VOD?

Description

Time

  • Played on: Oct. 18, 2020, 5:42 a.m.
  • Length: 8:06

All games in this series

Show
View Real Time Build Order
Export as new Build Order

TeebuL Protoss - Winner!

Build Orders: Blink Stalkers 

Get SALT Encoding   

  12  0:00  Probe  
  13  0:12  Probe  
  14  0:17  Pylon  
  14  0:24  Probe (Chrono Boost)  
  15  0:36  Probe (Chrono Boost)  
  15  0:40  Gateway  
  16  0:44  Probe (Chrono Boost)  
  16  0:49  Assimilator  
  17  0:51  Probe  
  17  0:55  Assimilator  
  18  1:03  Probe  
  19  1:07  Gateway  
  19  1:15  Probe (Chrono Boost)  
  21  1:26  Probe (Chrono Boost)  
  21  1:27  Cybernetics Core  
  21  1:30  Probe (Chrono Boost)  
  22  1:37  Pylon  
  22  1:41  Probe  
  23  1:56  Probe  
  24  2:01  Warp Gate (Chrono Boost)  
  24  2:03  Stalker x2  
  28  2:09  Pylon  
  28  2:33  Stalker x2  
  28  2:36  Twilight Council  
  31  3:10  Nexus  
  31  3:11  Pylon  
  31  3:14  Blink (Chrono Boost)  
  31  3:20  Probe  
  32  3:37  Shield Battery  
  32  3:38  Probe  
  33  3:47  Stalker x2  
  34  4:01  Dark Shrine  
  30  4:08  Shield Battery  
  29  4:11  Stalker  
  31  4:17  Sentry  
  32  4:32  Pylon  
  32  4:33  Pylon  
  32  4:34  Sentry  
  32  4:37  Shield Battery  
  34  4:47  Pylon  
  34  4:50  Pylon  
  34  5:09  Probe  
  34  5:13  Dark Templar  
  37  5:20  Dark Templar  
  39  5:31  Nexus, Probe  
  40  5:43  Probe  
  40  5:46  Dark Templar  
  43  5:55  Probe  
  44  6:07  Dark Templar, Probe  
  47  6:39  Pylon  
  47  6:42  Robotics Facility, Probe  
  48  6:50  Stalker x2  
  48  6:52  Probe  
  53  6:54  Probe  
  54  7:04  Probe  
  54  7:07  Probe  
  56  7:11  Pylon  
  56  7:15  Stalker  
  56  7:16  Probe  
  56  7:19  Probe  
  60  7:28  Probe  
  61  7:31  Probe  
  61  7:35  Dark Templar  
  59  7:46  Stalker  
Show
View Real Time Build Order
Export as new Build Order

BlysK Protoss 

Build Orders:  

Get SALT Encoding   

  12  0:00  Probe  
  13  0:12  Probe  
  14  0:17  Pylon  
  14  0:24  Probe  
  15  0:35  Gateway  
  15  0:37  Probe (Chrono Boost)  
  16  0:44  Assimilator  
  16  0:49  Probe (Chrono Boost)  
  17  0:54  Probe (Chrono Boost)  
  17  0:57  Assimilator  
  18  1:04  Probe (Chrono Boost)  
  19  1:10  Gateway  
  19  1:17  Probe (Chrono Boost)  
  20  1:23  Cybernetics Core, Probe (Chrono Boost)  
  21  1:32  Probe  
  22  1:36  Pylon  
  22  1:44  Probe  
  23  1:56  Probe  
  23  1:59  Stalker x2, Warp Gate (Chrono Boost)  
  28  2:13  Pylon  
  28  2:29  Stalker  
  30  2:31  Stalker  
  30  2:32  Probe  
  33  2:39  Gateway  
  33  2:47  Shield Battery  
  33  2:59  Stalker  
  33  3:01  Stalker  
  36  3:20  Pylon  
  36  3:33  Pylon  
  36  3:40  Stalker x3  
  39  4:03  Stalker x2  
  39  4:04  Stalker  
  44  4:11  Twilight Council  
  44  4:25  Probe  
  44  4:28  Sentry  
  44  4:29  Adept  
  45  4:38  Probe  
  46  4:44  Blink (Chrono Boost)  
  46  4:45  Phoenix  
  46  4:47  Stalker  
  48  4:54  Pylon  
  48  5:19  Nexus  
  48  5:22  Sentry  
  50  5:30  Gateway  
  50  5:37  Robotics Facility  
  50  5:39  Sentry  
  50  5:42  Pylon  
  52  5:49  Pylon  
  52  5:58  Pylon  
  52  6:01  Shield Battery  
  52  6:12  Shield Battery  
  52  6:17  Sentry  
  54  6:18  Shield Battery  
  54  6:21  Pylon  
  54  6:22  Pylon  
  54  6:29  Forge  
  54  6:44  Pylon  
  54  6:50  Robotics Facility  
  45  7:04  Photon Cannon  
  37  7:19  Probe  
  37  7:30  Stalker  
Tags
 
Add a new tag
Caveats
  • Supply blocks, unpowered buildings, or Contaminate may cause inaccurate times.
  • Supply counts are checked every 10 seconds.